Map: Neon Violet Square LE

Players

Infamous - Winner!

  • Race: Protoss Protoss
  • League: Silver
  • Spawn Location: 5:00

ChipNOOOOOOO

  • Race: Protoss Protoss
  • League: Silver
  • Spawn Location: 11:00

VOD

Have the link to the VOD?

Description

Time

  • Played on: April 6, 2018, 10:57 a.m.
  • Length: 9:55
Show
View Real Time Build Order
Export as new Build Order

Infamous Protoss - Winner!

Build Orders: 1 Gate Expand 

Get SALT Encoding   

  12  0:01  Probe  
  13  0:15  Probe  
  14  0:23  Pylon  
  14  0:27  Probe  
  15  0:41  Probe  
  16  0:47  Gateway  
  16  0:53  Probe (Chrono Boost)  
  17  0:57  Assimilator  
  17  1:16  Probe  
  18  1:28  Nexus  
  18  1:33  Probe (Chrono Boost)  
  19  1:45  Probe (Chrono Boost)  
  20  1:53  Cybernetics Core  
  20  1:56  Zealot  
  22  2:10  Probe  
  23  2:22  Gateway  
  23  2:33  Pylon  
  23  2:35  Warp Gate, Assimilator  
  23  2:39  Probe (Chrono Boost)  
  23  2:43  Probe (Chrono Boost)  
  26  2:51  Probe (Chrono Boost)  
  27  2:59  Probe (Chrono Boost)  
  27  3:01  Probe (Chrono Boost)  
  27  3:03  Stargate  
  29  3:10  Probe (Chrono Boost), Stalker  
  29  3:12  Probe (Chrono Boost)  
  32  3:22  Probe x2, Assimilator  
  34  3:27  Assimilator  
  34  3:35  Pylon  
  34  3:39  Probe (Chrono Boost), Shield Battery  
  36  3:45  Probe (Chrono Boost)  
  37  3:49  Probe (Chrono Boost)  
  37  3:51  Pylon  
  37  3:53  Probe (Chrono Boost)  
  37  3:54  Probe (Chrono Boost), Stalker (Chrono Boost)  
  41  4:03  Probe  
  42  4:17  Probe x2  
  44  4:19  Pylon  
  44  4:27  Oracle  
  44  4:28  Pylon  
  44  4:30  Probe x2  
  49  4:34  Pylon  
  49  4:44  Fleet Beacon  
  49  4:49  Probe x2  
  51  5:03  Stargate  
  51  5:04  Probe  
  51  5:05  Probe  
  53  5:07  Stargate  
  53  5:12  Void Ray  
  57  5:35  Nexus  
  57  5:38  Pylon  
  57  5:43  Pylon  
  57  5:52  Void Ray x2  
  65  6:03  Sentry  
  67  6:05  Zealot  
  69  6:13  Probe x2  
  71  6:25  Probe x2  
  73  6:30  Void Ray  
  77  6:34  Protoss Air Weapons Level 1 (Chrono Boost)  
  77  6:37  Probe x2  
  79  6:49  Void Ray (Chrono Boost)  
  83  7:07  Probe  
  83  7:08  Probe x2  
  83  7:15  Assimilator  
  83  7:16  Void Ray x2 (Chrono Boost)  
  83  7:18  Assimilator  
  83  7:20  Probe x3  
  94  7:32  Robotics Facility  
  94  7:46  Stalker  
  94  7:47  Stalker  
  98  8:01  Forge  
  98  8:04  Void Ray x2 (Chrono Boost)  
  106  8:08  Probe  
  106  8:09  Probe x2  
  109  8:21  Probe  
  114  8:35  Void Ray (Chrono Boost)  
  114  8:41  Photon Cannon  
  114  8:42  Photon Cannon  
  114  8:46  Photon Cannon  
  114  8:54  Photon Cannon, Observer  
  115  8:58  Photon Cannon  
  115  9:13  Photon Cannon  
  113  9:17  Photon Cannon  
  113  9:21  Photon Cannon  
  117  9:26  Photon Cannon  
  105  9:53  Nexus  
Show
View Real Time Build Order
Export as new Build Order

ChipNOOOOOOO Protoss 

Build Orders:  

Get SALT Encoding   

  12  0:01  Probe  
  13  0:13  Probe  
  14  0:28  Pylon  
  14  0:33  Probe  
  15  0:49  Probe (Chrono Boost)  
  16  0:50  Gateway  
  16  0:58  Probe (Chrono Boost)  
  16  1:01  Assimilator  
  16  1:03  Probe (Chrono Boost)  
  18  1:15  Probe (Chrono Boost)  
  20  1:26  Probe (Chrono Boost)  
  20  1:31  Probe (Chrono Boost)  
  21  1:59  Cybernetics Core  
  21  2:05  Nexus  
  21  2:18  Probe (Chrono Boost)  
  22  2:24  Gateway  
  22  2:26  Assimilator  
  22  2:28  Probe (Chrono Boost)  
  23  2:31  Pylon  
  23  2:35  Warp Gate  
  23  2:47  Pylon  
  23  2:49  Probe  
  24  2:55  Stalker  
  26  3:06  Robotics Facility  
  26  3:16  Probe (Chrono Boost)  
  26  3:17  Probe (Chrono Boost)  
  28  3:26  Probe (Chrono Boost)  
  30  3:27  Probe (Chrono Boost)  
  30  3:28  Gateway  
  30  3:31  Probe (Chrono Boost)  
  30  3:32  Probe (Chrono Boost)  
  32  3:36  Stalker  
  34  3:41  Probe  
  34  3:43  Probe  
  36  3:53  Probe  
  37  3:58  Sentry  
  39  4:03  Immortal  
  39  4:06  Stalker  
  39  4:09  Shield Battery  
  45  4:15  Probe (Chrono Boost)  
  46  4:26  Probe (Chrono Boost)  
  46  4:28  Forge  
  46  4:31  Probe (Chrono Boost), Pylon  
  48  4:41  Probe  
  49  4:47  Immortal (Chrono Boost)  
  53  4:53  Probe  
  54  5:04  Protoss Ground Weapons Level 1 (Chrono Boost)  
  54  5:05  Probe  
  55  5:13  Twilight Council  
  55  5:17  Probe, Gateway x2  
  55  5:19  Warp Prism  
  58  5:23  Gateway  
  57  5:29  Probe  
  58  5:42  Probe  
  59  5:43  Photon Cannon  
  53  6:06  Probe (Chrono Boost)  
  53  6:09  Blink (Chrono Boost)  
  54  6:14  Immortal  
  54  6:16  Probe (Chrono Boost)  
  59  6:21  Probe (Chrono Boost)  
  59  6:24  Assimilator  
  60  6:29  Assimilator  
  60  6:32  Pylon  
  60  6:33  Probe (Chrono Boost)  
  60  6:38  Pylon  
  61  6:45  Probe (Chrono Boost)  
  62  6:52  Probe (Chrono Boost)  
  62  6:54  Protoss Ground Weapons Level 2 (Chrono Boost)  
  63  6:59  Probe  
  63  7:00  Immortal  
  68  7:30  Stalker x2  
  68  7:31  Stalker x3  
  68  7:48  Probe (Chrono Boost)  
  69  7:57  Probe (Chrono Boost)  
  70  8:02  Probe (Chrono Boost), Nexus  
  70  8:03  Pylon  
  71  8:05  Pylon  
  71  8:07  Charge  
  71  8:08  Pylon  
  71  8:09  Assimilator  
  71  8:13  Assimilator  
  71  8:18  Templar Archives  
  71  8:20  Robotics Facility  
  71  8:35  Photon Cannon  
  71  8:37  Photon Cannon  
  71  8:39  Photon Cannon  
  71  8:40  Photon Cannon  
  71  8:41  Shield Battery  
  71  8:43  Shield Battery  
  71  8:44  Stalker x3  
  71  8:45  Stalker  
  71  8:46  Stalker  
  71  8:47  Stalker  
  83  9:22  High Templar x3  
  89  9:26  Archon  
Tags
 
Add a new tag
Caveats
  • Supply blocks, unpowered buildings, or Contaminate may cause inaccurate times.
  • Supply counts are checked every 10 seconds.